 Dungeon Crawl Stone Soup version 0.21-a0-320-gefad53e (webtiles) character file.

884 Tomek the Spear-Bearer (level 7, 0/52 HPs)
             Began as a Demonspawn Fighter on Sept 30, 2017.
             Was an Initiate of Okawaru.
             Slain by a phantom (6 damage)
             ... on level 6 of the Dungeon.
             The game lasted 00:14:44 (5795 turns).

Tomek the Spear-Bearer (Demonspawn Fighter)         Turns: 5795, Time: 00:14:44

Health: 0/52       AC:  6    Str: 16    XL:     7   Next: 76%
Magic:  7/7        EV: 12    Int: 12    God:    Okawaru [......]
Gold:   221        SH:  9    Dex: 17    Spells: 6/6 levels left

rFire    . . .     SeeInvis .   a - +0 trident
rCold    . . .     Gourm    .   c - +0 shield
rNeg     . . .     Faith    .   b - +0 scale mail
rPois    .         Spirit   .   (no helmet)
rElec    .         Reflect  .   (no cloak)
rCorr    .         Harm     .   (no gloves)
MR       .....                  (no boots)
Stlth    +.........             (no amulet)
HPRegen  0.17/turn              (no ring)
MPRegen  0.10/turn              (no ring)

@: agile
A: hooves 1, foul stench 1, rot immunity, sturdy frame 1
a: Renounce Religion


You were on level 6 of the Dungeon.
You worshipped Okawaru.
Okawaru was noncommittal.
You were hungry.

You visited 1 branch of the dungeon, and saw 6 of its levels.

You collected 221 gold pieces.

Inventory:

Hand Weapons
 a - a +0 trident (weapon)
Missiles
 u - a throwing net (quivered)
Armour
 b - a +0 scale mail (worn)
 c - a +0 shield (worn)
Scrolls
 e - 3 scrolls of remove curse {unknown}
 i - 4 scrolls of identify {unknown}
 k - 2 scrolls of amnesia {unknown}
 l - 2 scrolls of teleportation {unknown}
 m - 2 scrolls of magic mapping {unknown}
 q - a scroll of recharging {unknown}
 r - a scroll of enchant weapon {unknown}
 s - 2 scrolls of enchant armour {unknown}
 x - a scroll of fog {unknown}
 y - a scroll of noise {unknown}
Potions
 n - a potion of ambrosia {unknown}
 o - 3 potions of haste {unknown}
 p - 3 potions of heal wounds {unknown}
 v - 2 potions of curing {unknown}
 w - a potion of invisibility
 z - a potion of resistance {unknown}
Books
 j - a book of Debilitation

   Spells                             Type                      Level
   a - Corona                         Hexes                        1
   b - Slow                           Hexes                        2
   c - Inner Flame                    Hexes/Fire                   3
   d - Portal Projectile              Hexes/Translocation          3
   e - Cause Fear                     Hexes                        4
   f - Leda's Liquefaction            Hexes/Earth                  4
Comestibles
 d - 4 fruits
 f - 2 bread rations
 g - 4 royal jellies
 t - 2 meat rations


   Skills:
 - Level 3.0 Fighting
 + Level 8.3 Polearms
 - Level 2.6 Armour
 - Level 2.6 Shields


You had 6 spell levels left.
You didn't know any spells.

Dungeon Overview and Level Annotations

Branches:
Dungeon (6/15)
 Temple: D:4-7

Altars:
Elyvilon
Okawaru
The Shining One

Annotations:
D:3 exclusion: downstairs


Innate Abilities, Weirdness & Mutations

You have large cloven feet.
You may emit foul miasma when damaged in melee.
You are immune to rotting.
Your movements are slightly less encumbered by armour. (ER -2)


Message History

The phantom hits you.
* * * LOW HITPOINT WARNING * * *
The phantom blinks!
The phantom blinks!
You see here an adder corpse.
You see here a worm corpse.
The phantom hits you.
* * * LOW HITPOINT WARNING * * *
The phantom blinks!
The phantom blinks!
You see here a worm corpse.
You block the phantom's attack.
You see here an adder corpse.
You closely miss the phantom. You kick the phantom.
The phantom is moderately damaged.
You block the phantom's attack.
You hit the phantom but do no damage. Your kick misses the phantom.
The phantom is moderately damaged.
The phantom hits you.
You die...

#...)..........
#..............
#.....W........
#.......w......
#......J....# #####
#.........# ....#
#.........#
###.####################.###
#............W@†.......#
########################


You could see a phantom.

Vanquished Creatures
  The ghost of dranichekk the Caller, an amateur BaSu (D:3)
  A phantom (D:4)
  A bullfrog (D:6)
  A scorpion (D:4)
  A jelly (D:6)
  A crimson imp (D:6)
  3 hounds
  2 orc wizards
  A centaur skeleton (D:4)
  An iguana (D:4)
  5 gnolls
  13 adders
  A shadow imp (D:5)
  4 oozes
  5 worms
  2 dart slugs
  7 leopard geckos
  3 orcs
  A giant cockroach (D:4)
  6 goblins
  11 hobgoblins
  10 jackals
  2 quokkas (D:4)
  3 ball pythons
  4 bats (D:1)
  4 frilled lizards
  7 kobolds
  7 rats
108 creatures vanquished.

Notes
Turn   | Place    | Note
-------+----------+-------------------------------------------
     0 | D:1      | Tomek the Demonspawn Fighter began the quest for the Orb.
     0 | D:1      | Reached XP level 1. HP: 18/18 MP: 1/1
    47 | D:1      | Reached skill level 2 in Polearms
   250 | D:1      | Gained mutation: You are immune to rotting. [demonic ancestry]
   250 | D:1      | Reached XP level 2. HP: 15/24 MP: 2/2
   570 | D:1      | Reached skill level 3 in Polearms
   846 | D:2      | Reached XP level 3. HP: 23/29 MP: 3/3
  1245 | D:2      | Reached skill level 4 in Polearms
  1245 | D:2      | Gained mutation: You may emit foul miasma when damaged in melee. [demonic ancestry]
  1245 | D:2      | Reached XP level 4. HP: 19/35 MP: 4/4
  1575 | D:2      | Found a white marble altar of Elyvilon.
  2289 | D:3      | Gained mutation: Your movements are slightly less encumbered by armour. (ER -2) [demonic ancestry]
  2289 | D:3      | Reached XP level 5. HP: 29/41 MP: 5/5
  2441 | D:3      | Found a glowing golden altar of the Shining One.
  2507 | D:3      | Reached skill level 5 in Polearms
  3065 | D:3      | Noticed dranichekk's ghost (amateur BaSu)
  3106 | D:3      | Killed dranichekk's ghost
  3106 | D:3      | Reached skill level 6 in Polearms
  3106 | D:3      | Reached XP level 6. HP: 13/47 MP: 6/6
  4430 | D:4      | Reached skill level 7 in Polearms
  4430 | D:4      | Gained mutation: You have large cloven feet. [demonic ancestry]
  4430 | D:4      | Reached XP level 7. HP: 20/52 MP: 7/7
  4795 | D:5      | Entered Level 5 of the Dungeon
  5138 | D:6      | Reached skill level 8 in Polearms
  5604 | D:6      | Found an iron altar of Okawaru.
  5620 | D:6      | Became a worshipper of Warmaster Okawaru
  5795 | D:6      | Slain by a phantom

Vault maps used:
D:1:      scummos_arrival_hexagon
D:2:      serial_co_window_serial, co_window_paths_b, co_window_corner_a,
          co_window_corner_a, co_window_corner_a, co_window_paths_a,
          co_window_of_opportunity_b, co_window_corner_b, co_window_paths_c,
          co_window_cross_3, co_window_2corner, co_window_2corner,
          co_window_2corner, elyvilon_altar_5
D:3:      tso_oasis_becter, serial_bayou, serial_bayou_pond_c,
          serial_bayou_pond_d, serial_bayou_pond_a, serial_bayou_pond_e
D:4:      vehumet_statue, st_stairs_1
D:5:      grunt_temple_overflow_growth_and_decay, basic_altar, first_bread,
          minmay_door_square, uniq_menkaure
D:6:      okawaru_metal_pillars_1_2, grunt_temple_overflow_open

Skill      XL: |  1  2  3  4  5  6  7 |
---------------+----------------------+-----
Polearms       | 2 3 4 6 7 8 |  8.3
Fighting       | |  3.0
Armour         | |  2.6
Shields        | |  2.6

Action                   |  1- 3 |  4- 6 |  7- 9 || total
-------------------------+-------+-------+-------++-------
Melee: Trident           |   156 |   345 |   132 ||   633
       Kick              |       |       |    31 ||    31
  Use: Potion            |     1 |     2 |     1 ||     4
 Stab: Invisible         |       |     1 |       ||     1
       Distracted        |       |     1 |       ||     1
  Eat: Chunk             |     1 |    11 |     4 ||    16
Armor: Scale mail        |    56 |   109 |    42 ||   207
Dodge: Dodged            |    35 |    91 |    25 ||   151
Block: Shield            |    42 |   118 |    47 ||   207

Table legend:
 A = Spawn XP
 B = Non-spawn XP
 C = Spawn XP percentage of total XP
 D = Spawn monster count
 E = Non-spawn monster count
 F = Spawn count percentage of total count
 G = Total turns spent on level
                    A         B        C        D         E        F      G
               +---------+---------+-------+---------+---------+-------+---------
         Total |       0 |    1263 |   0.0 |       0 |     108 |   0.0 |  5795
               +---------+---------+-------+---------+---------+-------+---------
           D:1 |       0 |      34 |   0.0 |       0 |      21 |   0.0 |   796
           D:2 |       0 |     138 |   0.0 |       0 |      33 |   0.0 |  1442
           D:3 |       0 |     308 |   0.0 |       0 |      21 |   0.0 |  1275
           D:4 |       0 |     448 |   0.0 |       0 |      21 |   0.0 |  1282
           D:5 |       0 |      24 |   0.0 |       0 |       2 |   0.0 |    57
           D:6 |       0 |     311 |   0.0 |       0 |      10 |   0.0 |   943
               +---------+---------+-------+---------+---------+-------+---------
